 Dungeon Crawl Stone Soup version 0.32-a0-685-g93135e86f0 (webtiles) character file.

Game seed: 395680660905290994

43202 warriortoast the Geomancer (level 14, -3/73 HPs)
             Began as a Gargoyle Earth Elementalist on Mar 12, 2024.
             Was a High Priest of Hepliaklqana.
             Killed from afar by a lightning spire (7 damage)
             ... with a bolt of electricity
             ... in a Gauntlet.
             The game lasted 00:55:28 (20238 turns).

warriortoast the Geomancer (GrEE)                  Turns: 20238, Time: 00:55:30

Health: -3/73      AC: 25    Str: 12    XL:     14   Next: 23%
Magic:  24/29      EV: 10    Int: 21    God:    Hepliaklqana [*****.]
Gold:   749        SH:  0    Dex: 14    Spells: 14/35 levels left

rFire   . . .        y - +9 orcbow "Beastbane" {speed, rCorr Dex+3}
rCold   + + .        (shield currently unavailable)
rNeg    + + .        n - +5 ring mail of Stoicism {Fly Dex-2 SInv Stlth+}
rPois   ∞            w - +2 hat {SInv}
rElec   +            (no cloak)
rCorr   +            (no gloves)
SInv    +            e - +0 pair of boots
Will    +....        (no amulet)
Stlth   ++           q - ring of Equivalence {Ice rN+ Dex+3}
HPRegen 0.32/turn    N - ring of wizardry
MPRegen 0.21/turn

%: no teleportation, wizardry (x1)
@: resistant, flying
A: reduced essence, sickness immunity, AC +10, big wings, negative energy
resistance 1, electricity resistance, torment resistance 1, petrification
resistance
a: Renounce Religion, Recall Ancestor, Ancestor Identity, Transference, Idealise


You were in a Gauntlet.
You worshipped Hepliaklqana.
Hepliaklqana was extremely pleased with you.
You visited 3 branches of the dungeon, and saw 18 of its levels.
You also visited: Gauntlet and Ice Cave.

You collected 996 gold pieces.
You spent 247 gold pieces at shops.

Inventory:

Hand Weapons
 f - a +0 short sword
 l - a +1 whip of electrocution
 y - the +9 orcbow "Beastbane" (weapon) {speed, rCorr Dex+3}
   (You bought it in a shop on level 8 of the Dungeon)

   Dex+3:     It affects your dexterity (+3).
   rCorr:     It protects you from acid and corrosion.
Missiles
 F - 3 throwing nets
Armour
 a - a +0 robe
 b - the +0 robe of Nutrat {Str+2}
   (You found it in a Gauntlet)

   Str+2:     It affects your strength (+2).
 e - a +0 pair of boots (worn)
 j - a +0 leather armour of poison resistance
 n - the +5 ring mail of Stoicism (worn) {Fly Dex-2 SInv Stlth+}
   (You found it on level 2 of the Dungeon)

   Dex-2:     It affects your dexterity (-2).
   SInv:      It lets you see invisible.
   Fly:       It grants you flight.
   Stlth+:    It makes you more stealthy.
 w - a +2 hat of see invisible (worn)
 C - a +0 kite shield
 Q - the +1 robe of Vines {NoPotionHeal Regen++++}
   (You found it on level 3 of the Lair of Beasts)

   NoPotionHeal: Its wearer cannot be healed by potions.
   Regen++++: It increases your rate of health regeneration.
Jewellery
 d - a ring of flight
 k - an amulet of guardian spirit
 q - the ring of Equivalence (left hand) {Ice rN+ Dex+3}
   (You found it on level 3 of the Dungeon)

   [ring of ice]

   Ice:       It enhances your ice magic.
   Dex+3:     It affects your dexterity (+3).
   rF-:       It makes you vulnerable to fire.
   rC+:       It protects you from cold.
   rN+:       It protects you from negative energy.
 B - the amulet "Oklamm" {Harm rF+ Will+ Regen+}
   (You found it on level 10 of the Dungeon)

   [amulet of regeneration]

   rF+:       It protects you from fire.
   Will+:     It increases your willpower.
   Regen+:    It increases your rate of health regeneration.
   Harm:      It increases damage dealt and taken.
 N - a ring of wizardry (right hand)
 R - an amulet of reflection
 S - a ring of protection from cold
Wands
 v - a wand of flame (12)
 H - a wand of charming (8)
 K - a wand of quicksilver (2)
 M - a wand of iceblast (4)
 O - a wand of polymorph (4)
 P - a wand of mindburst (10)
Scrolls
 c - 6 scrolls of fear
 h - 2 scrolls of immolation
 i - 3 scrolls of brand weapon
 o - 4 scrolls of noise
 u - a scroll of enchant weapon
 z - 2 scrolls of teleportation
 E - a scroll of blinking
 G - a scroll of torment
 I - 2 scrolls of amnesia
 J - 2 scrolls of vulnerability
 L - 2 scrolls of poison
 U - a scroll of fog {unknown}
Potions
 g - 7 potions of curing
 m - a potion of resistance
 p - 3 potions of lignification
 r - 3 potions of attraction
 s - 2 potions of might
 t - 3 potions of degeneration
 x - 4 potions of haste
 D - a potion of enlightenment
 T - a potion of cancellation


   Skills:
 + Level 7.2 Fighting
 + Level 9.0 Ranged Weapons
 - Level 6.0 Armour
 - Level 1.5 Dodging
 - Level 2.1 Stealth
 + Level 11.2 Spellcasting
 + Level 12.9 Conjurations
 + Level 14.5 Earth Magic
 + Level 3.7 Invocations
 + Level 3.1 Evocations


You had 14 spell levels left.
You knew the following spells:

 Your Spells              Type           Power      Damage    Failure   Level
a - Sandblast             Erth           100%       2d20      1%          1
b - Stone Arrow           Conj/Erth      100%       3d13      1%          3
c - Brom's Barrelling Bo  Conj/Erth      62%        2d8       1%          4
d - Petrify               Alch/Erth      42%        N/A       2%          4
e - Fulminant Prism       Conj/Alch      19%        3d10      3%          4
f - Lee's Rapid Deconstr  Erth           32%        3d16*     1%          5

Your spell library contained the following spells:

 Spells                   Type           Power      Damage    Failure   Level
 Magic Dart               Conj           100%       1d8       1%          1
 Sting                    Conj/Alch      100%       1d9       1%          1
 Searing Ray              Conj           100%       2d8       1%          2
 Static Discharge         Conj/Air       78%        3-7/arc   1%          2
 Passwall                 Erth           64%        N/A       1%          3
 Animate Armour           Summ/Erth      84%        N/A       2%          4
 Leda's Liquefaction      Alch/Erth      21%        N/A       2%          4
 Iskenderun's Mystic Bla  Conj/Tloc      39%        2d9       3%          4
 Apportation              Tloc           22%        N/A       4%          1
 Ensorcelled Hibernation  Hex/Ice        34%        N/A       8%          2
 Jinxbite                 Hex            22%        N/A       8%          2
 Mercury Vapours          Alch/Air       22%        N/A       8%          2
 Fugue of the Fallen      Necr           11%        N/A       14%         3
 Ozocubu's Armour         Ice            17%        N/A       14%         3
 Tukima's Dance           Hex            11%        N/A       14%         3
 Permafrost Eruption      Ice/Erth       29%        2x4d9     34%         6
 Airstrike                Air            5%         2d(1-17)  41%         4
 Anguish                  Hex/Necr       5%         N/A       41%         4
 Dimensional Bullseye     Hex/Tloc       5%         N/A       41%         4
 Dispel Undead            Necr           11%        3d9       41%         4
 Manifold Assault         Tloc           11%        N/A       41%         4
 Martyr's Knell           Necr/Summ      11%        N/A       41%         4
 Olgreb's Toxic Radiance  Alch           11%        N/A       41%         4
 Summon Lightning Spire   Summ/Air       11%        N/A       41%         4
 Alistair's Intoxication  Alch           7%         N/A       75%         5
 Cigotuvi's Dreadful Rot  Necr/Alch/Air  Unusable   N/A       N/A         2

Dungeon Overview and Level Annotations

Branches:
Dungeon (12/15)            Temple (1/1) D:7            Lair (5/5) D:9
 Shoals (0/4) Lair:2       Spider (0/4) Lair:2        Slime (0/5) Lair:4
    Orc (0/2) D:12          IceCv (visited)         Gauntlet (1/1)

Altars:
Ashenzari
Cheibriados
Dithmenos
Elyvilon
Fedhas
Gozag
Hepliaklqana
Kikubaaqudgha
Makhleb
Nemelex Xobeh
Okawaru
Qazlal
Ru
Sif Muna
Trog
Uskayaw
Vehumet
Wu Jian
Xom
Yredelemnul
Zin
The Shining One
Jiyva

Shops:
D:2 (   D:4 *   D:8 *

Annotations:
D:6 Maggie Gauntlet 8 transporters, exclusion: 2 lightning spires


Innate Abilities, Weirdness & Mutations

Your life essence is reduced to manifest your ancestor. (-10% HP)
You are immune to sickness and miasma.
Your stone body is resilient. (AC +10)
You are immune to poison.
Your large and strong wings let you fly.
You resist negative energy. (rN+)
You are resistant to electric shocks. (rElec)
You are resistant to unholy torment.
You are immune to petrification.


Message History

As you read the scroll of blinking, it crumbles to dust.
Okay, then.
Press: ? - help, v - describe, . - travel, g - get item Item here: a twisted golden ring.
The floor.
You feel protected.
A nearby plant withers and dies.
The lightning spire shoots out a bolt of lightning at you!
The bolt of electricity hits the lightning spire.
The lightning spire completely resists.
The bolt of electricity hits the plant!!
The plant begins to die.
The bolt of electricity hits the fungus!
The fungus begins to die.
The bolt of electricity hits you. You resist.
* * * LOW HITPOINT WARNING * * *
The cyan ugly thing gurgles horribly!
A nearby plant withers and dies.
The lightning spire shoots out a bolt of lightning at you!
The bolt of electricity hits the plant!!
The bolt of electricity hits you. You resist.
* * * LOW HITPOINT WARNING * * *
The raiju bursts into living lightning!
The living lightning hits you. You resist.
* * * LOW HITPOINT WARNING * * *
The raiju blinks! x2
You see here the +0 robe of Nutrat {Str+2}.
b - the +0 robe of Nutrat {Str+2} The lightning spire shoots out a bolt of lightning at you!
The bolt of electricity hits you. You resist.
* * * LOW HITPOINT WARNING * * *
The lightning spire shoots out a bolt of lightning at you!
The bolt of electricity misses you. The raiju bites you but does no damage.
A nearby fungus withers and dies.
A nearby plant withers and dies.
The lightning spire shoots out a bolt of lightning at you!
The bolt of electricity hits you. You resist.
* * * LOW HITPOINT WARNING * * *
The lightning spire shoots out a bolt of lightning at you!
The bolt of electricity hits you! You resist.
You die...
Hepliaklqana delivers you to your ancestors.

#ß# #ß# #ß# ß# ß#
####################
###≈..................
#ß#...................
###..###########...###
#..#.........#.ß.#.. ..#.
###..#.........#...#.# ##.#.
#ß#..#..#P..#..#####..##.##.?#.
###..#.....PPh@#...#...#.#..:#.
#.©#....©h.I©#©.©#G...©#..©#.
###..#....§...?#...#u..#.#...#.
#ß#..#..#...#..#####..##.##.[#.
###..#........I#...#.##...##.#.
#..#.........#...#.........#.
###..###########...###########.
#ß#≈.............≈.............
###∩...∩........≈ß≈...........§


You could see 2 lightning spires, a great orb of eyes, a cyan ugly thing and 2
raiju.

Vanquished Creatures
  Gastronok (D:8)
  Kirke (Lair:4)
  Harold (D:11)
  3 hydras
  4 two-headed ogres
  2 death yaks (Lair:5)
  2 boulder beetles
  A skyshark (Lair:3)
  An orb spider (Lair:2)
  Pikel (D:7)
  An oklob plant (Lair:3)
  4 ugly things
  5 slime creatures (D:12)
  A black mamba (Lair:3)
  2 ice statues (IceCv)
  6 cane toads
  2 rime drakes (Lair:5)
  An efreet (D:12)
  A gargoyle (D:12)
  5 komodo dragons
  Jeremiah (D:9)
  An unseen horror (D:10)
  A kobold demonologist (D:9)
  Psyche (D:8)
  4 trolls
  A hornet (D:11)
  2 polar bears (Lair:5)
  12 blink frogs
  Sigmund (D:5)
  2 vampires (D:11)
  A wraith (D:12)
  4 shadows
  30 yaks
  5 hogs (Lair:4)
  2 wyverns
  2 vampire mosquitoes (D:10)
  Grum (D:9)
  2 steam dragons
  2 acid dragons (D:11)
  Menkaure (D:5)
  9 water moccasins
  A sky beast (D:7)
  4 orc warriors
  An ice beast (D:7)
  2 black bears
  An ogre (D:5)
  4 centaurs (Lair:2)
  11 wolves
  A lemure (D:7)
  2 phantoms
  3 kobold brigands
  15 bullfrogs
  A cane toad simulacrum (IceCv)
  A scorpion (D:6)
  3 wights (D:7)
  8 killer bees
  An elephant simulacrum (IceCv)
  5 howler monkeys
  An electric eel (D:6)
  4 hounds
  5 orc priests
  4 jellies
  6 iguanas
  A sleepcap (D:6)
  3 orc wizards
  A polar bear simulacrum (IceCv)
  A wolf simulacrum (IceCv)
  3 gnolls (D:5)
  6 adders
  2 shadow imps
  3 dart slugs
  2 ribbon worms
  34 orcs
  7 endoplasms
  8 giant cockroaches
  7 goblins
  8 hobgoblins
  2 jackals (D:1)
  7 quokkas
  9 ball pythons
  5 bats
  2 frilled lizards
  10 kobolds
  4 rats
339 creatures vanquished.

Vanquished Creatures (collateral kills)
  A centaur warrior (D:11)
  An ugly thing (IceCv)
  Maurice (D:12)
  A manticore (D:12)
  2 cane toads (Lair:1)
  An unseen horror (D:12)
  4 komodo dragons
  A slime creature (D:12)
  A hog (Lair:4)
  A wyvern (Lair:3)
  A basilisk (D:12)
  11 yaks
  3 water moccasins
  An orc warrior (D:11)
  3 wolves
  2 bullfrogs
35 creatures vanquished.

Vanquished Creatures (others)
  7 knights
  6 ancestors
  9 fulminant prisms
22 creatures vanquished.

Grand Total: 396 creatures vanquished

Notes
Turn   | Place    | Note
-------+----------+-------------------------------------------
     0 | D:1      | warriortoast the Gargoyle Earth Elementalist began the
                  | quest for the Orb.
     0 | D:1      | Reached XP level 1. HP: 10/10 MP: 3/3
   149 | D:1      | Reached XP level 2. HP: 15/15 MP: 1/5
   327 | D:1      | Reached skill level 4 in Earth Magic
   641 | D:1      | Reached XP level 3. HP: 19/19 MP: 4/6
  1088 | D:2      | Found Lomem's Weapon Boutique.
  1105 | D:2      | Reached XP level 4. HP: 18/24 MP: 1/8
  1390 | D:2      | Identified the +5 ring mail of Stoicism {Fly Dex-2 SInv
                  | Stlth+}
  1448 | D:2      | Learned a level 3 spell: Stone Arrow
  1802 | D:3      | Identified the +3 ring mail of Prudence {rPois Str+3 Int-5}
  2170 | D:3      | Reached XP level 5. HP: 28/28 MP: 3/9
  2230 | D:3      | Identified the ring of Equivalence {Ice rN+ Dex+3}
  2673 | D:4      | Reached skill level 5 in Earth Magic
  3103 | D:4      | Found Buxzuugo's General Store.
  3111 | D:4      | Bought a scroll of identify for 22 gold pieces
  3111 | D:4      | Bought a scroll of noise for 11 gold pieces
  3395 | D:5      | Entered Level 5 of the Dungeon
  3712 | D:5      | Reached XP level 6. HP: 28/32 MP: 6/11
  3750 | D:5      | Noticed Sigmund
  3789 | D:5      | Killed Sigmund
  3790 | D:5      | Reached skill level 6 in Earth Magic
  3790 | D:5      | Reached XP level 7. HP: 29/36 MP: 2/13
  3898 | D:5      | Noticed Menkaure
  3906 | D:5      | Killed Menkaure
  4002 | D:5      | Reached skill level 5 in Conjurations
  4214 | D:5      | Reached skill level 5 in Spellcasting
  4255 | D:5      | Reached skill level 7 in Earth Magic
  4255 | D:5      | Reached XP level 8. HP: 29/41 MP: 10/15
  4824 | D:6      | Found a burning altar of Makhleb.
  5186 | D:6      | Noticed Maggie
  5419 | D:6      | Reached skill level 1 in Armour
  5781 | D:6      | Found a white marble altar of Elyvilon.
  5781 | D:6      | Found a glowing silver altar of Zin.
  5782 | D:6      | Found a glowing golden altar of the Shining One.
  6032 | D:7      | Reached skill level 8 in Earth Magic
  6149 | D:7      | Found a staircase to the Ecumenical Temple.
  6267 | Temple   | Entered the Ecumenical Temple
  6452 | D:7      | Reached XP level 9. HP: 25/45 MP: 16/18
  6616 | D:7      | Noticed Pikel
  7163 | D:7      | Killed Pikel
  7299 | D:8      | Found a viscous altar of Jiyva.
  7311 | D:7      | Reached skill level 9 in Earth Magic
  8261 | D:8      | Noticed Gastronok
  8274 | D:8      | Killed Gastronok
  8275 | D:8      | Reached skill level 5 in Armour
  8275 | D:8      | Reached XP level 10. HP: 26/50 MP: 10/21
  8370 | D:8      | Noticed Psyche
  8374 | D:8      | Killed Psyche
  8375 | D:8      | Reached skill level 10 in Earth Magic
  8505 | D:8      | Found Egorph's Assorted Antiques.
  8509 | D:8      | Bought a green potion for 18 gold pieces
  8509 | D:8      | Bought a green potion for 18 gold pieces
  8509 | D:8      | Bought a blackened orcbow for 178 gold pieces
  8509 | D:8      | Identified the +9 orcbow "Beastbane" {speed, rCorr Dex+3}
                  | (You bought it in a shop on level 8 of the Dungeon)
  8655 | D:9      | Noticed Jeremiah
  8674 | D:9      | Killed Jeremiah
  8796 | D:9      | Noticed Grum
  8807 | D:9      | Killed Grum
  8810 | D:9      | Reached skill level 1 in Ranged Weapons
  9118 | D:9      | Found a staircase to the Lair.
  9134 | D:9      | Found a hazy altar of Hepliaklqana.
  9159 | D:9      | Became a worshipper of Hepliaklqana the Forgotten
  9333 | D:9      | Noticed a kobold demonologist
  9350 | D:9      | Killed a kobold demonologist
  9597 | D:9      | Reached XP level 11. HP: 52/54 MP: 23/23
  9634 | D:9      | Noticed a two-headed ogre
  9649 | D:9      | Killed a two-headed ogre
  9650 | D:9      | Reached skill level 11 in Earth Magic
  9655 | D:9      | Learned a level 4 spell: Brom's Barrelling Boulder
  9660 | D:9      | Learned a level 4 spell: Petrify
 10129 | D:10     | Entered Level 10 of the Dungeon
 10227 | D:10     | Identified the amulet "Oklamm" {Harm rF+ Will+ Regen+}
 10689 | D:10     | Reached * piety under Hepliaklqana
 10704 | D:10     | Reached skill level 10 in Conjurations
 11037 | D:11     | Noticed a purple ugly thing
 11039 | D:11     | Noticed a green ugly thing
 11051 | D:10     | Killed a purple ugly thing
 11105 | D:11     | Noticed Harold
 11111 | D:11     | Killed Harold
 11421 | D:11     | Reached skill level 5 in Ranged Weapons
 11471 | D:11     | Noticed a two-headed ogre
 11476 | D:11     | Killed a green ugly thing
 11477 | D:11     | Reached skill level 12 in Earth Magic
 11479 | D:11     | Killed a two-headed ogre
 11536 | D:11     | Noticed a centaur warrior
 11848 | D:11     | Killed a centaur warrior
 11963 | D:11     | Noticed a boulder beetle
 11977 | D:11     | Killed a boulder beetle
 11978 | D:11     | Reached XP level 12. HP: 27/53 MP: 4/25
 12246 | D:11     | Noticed a two-headed ogre
 12252 | D:11     | Killed a two-headed ogre
 12253 | D:11     | Reached skill level 1 in Fighting
 12663 | D:12     | Learned a level 4 spell: Fulminant Prism
 12825 | D:12     | Found a staircase to the Orcish Mines.
 12976 | D:12     | Noticed Maurice
 12984 | D:12     | Killed Maurice
 13032 | D:12     | Reached ** piety under Hepliaklqana
 13033 | D:12     | Remembered your ancestor Esarekk as a knight
 13189 | D:12     | Learned a level 5 spell: Lee's Rapid Deconstruction
 13349 | D:12     | Noticed a two-headed ogre
 13352 | D:12     | Killed a two-headed ogre
 13353 | D:12     | Reached skill level 10 in Spellcasting
 13353 | D:12     | Reached skill level 13 in Earth Magic
 13778 | Lair:1   | Entered Level 1 of the Lair of Beasts
 14642 | Lair:2   | Noticed a boulder beetle
 14669 | Lair:2   | Reached XP level 13. HP: 62/64 MP: 27/27
 14926 | Lair:2   | Reached *** piety under Hepliaklqana
 15105 | Lair:2   | Found a staircase to the Shoals.
 15112 | Lair:2   | Reached skill level 5 in Fighting
 15287 | Lair:2   | HP: 1/64 [blink frog (13)]
 15844 | Lair:2   | Identified the scarf of Fedhas's Approval {repulsion,
                  | +Blink rN+}
 16237 | Lair:2   | Found a hole to the Spider Nest.
 16565 | Lair:3   | Reached **** piety under Hepliaklqana
 17193 | Lair:3   | Identified the staff of Autumn {rF+ Str-2 Conj Summ}
 17285 | Lair:3   | Found the +1 robe of Vines {NoPotionHeal Regen++++}
 17301 | Lair:3   | Reached skill level 1 in Invocations
 17931 | Lair:3   | Reached skill level 14 in Earth Magic
 17931 | Lair:3   | Reached skill level 1 in Evocations
 17974 | Lair:4   | Found a frozen archway.
 17989 | IceCv    | Entered an ice cave
 18028 | IceCv    | Found a transporter.
 18132 | IceCv    | Found a transporter.
 18529 | Lair:4   | Found a staircase to the Slime Pits.
 18529 | Lair:4   | Found a viscous altar of Jiyva.
 18724 | Lair:4   | Noticed Kirke
 18735 | Lair:4   | Killed Kirke
 19247 | Lair:4   | Gained mutation: Your large and strong wings let you fly.
                  | [Gargoyle growth]
 19247 | Lair:4   | Reached XP level 14. HP: 72/72 MP: 29/29
 19741 | Lair:5   | Entered Level 5 of the Lair of Beasts
 19741 | Lair:5   | Reached ***** piety under Hepliaklqana
 20072 | Lair:5   | Found a gate leading to a gauntlet.
 20082 | Gauntlet | Entered a Gauntlet
 20082 | Gauntlet | Found a transporter.
 20082 | Gauntlet | Found a transporter.
 20093 | Gauntlet | Found a transporter.
 20093 | Gauntlet | Found a transporter.
 20096 | Gauntlet | Found a transporter.
 20109 | Gauntlet | Found a transporter.
 20112 | Gauntlet | Found a transporter.
 20128 | Gauntlet | Found a transporter.
 20131 | Gauntlet | Found a transporter.
 20236 | Gauntlet | Identified the +0 robe of Nutrat {Str+2}
 20238 | Gauntlet | Killed from afar by a lightning spire

Illustrated notes

Levels and vault maps discovered:
D:1:      lightli_arrival_noodles, layout_basic
D:2:      layout_basic, serial_shops, nicolae_shop_advertising_works
          [nicolae_subvault_shop_adworks]
D:3:      minmay_razor_zed, layout_loops_ring
D:4:      cheibrodos_old_hovel, layout_loops_ring, serial_shops, shop,
          chequers_serial_rivers_micro_b
D:5:      layout_basic, minmay_misc_feat_more_columns,
          chequers_serial_rivers_large_a, uniq_sigmund, uniq_menkaure
D:6:      layout_basic, good_gods_mini_temple, makhleb_heckhound_becter,
          kennysheep_cross_bottleneck, uniq_maggie
D:7:      layout_basic, temple_green, uniq_pikel
D:8:      layout_loops_cross, serial_shops, nicolae_shop_back_alley_shop,
          jiyva_altar_1, uniq_gastronok, uniq_psyche
D:9:      layout_basic, mainiacjoe_overflow_brackets, lair_entry_dummy,
          uniq_jeremiah, uniq_grum
D:10:     layout_loops_ring
D:11:     minmay_four_partial_circles, layout_rooms, serial_rivers,
          chequers_serial_rivers_micro_d, chequers_serial_rivers_large_b,
          chequers_serial_rivers_room_a, chequers_serial_rivers_small_3,
          chequers_serial_rivers_micro_a, chequers_serial_rivers_marsh,
          uniq_harold
D:12:     layout_roguey, david_orc_3, columned_hall_lemuel, uniq_maurice
Temple:   nicolae_temple_bog_church
Lair:1:   layout_chaotic_city, beast_lair_carwin_4
Lair:2:   layout_regular_city, minmay_shoals_entry_centaurs,
          nicolae_spider_entry_orb_guardian, grunt_megastairs_2
Lair:3:   layout_cave_pods, hellmonk_guarded_unrand_vines
Lair:4:   layout_regular_city, slime_entry_1, portal_ice_cave_entry_pillars_1,
          uniq_kirke
Lair:5:   due_jungle_book, layout_long_grid, gauntlet_entry_generic,
          lemuel_fruit_tree
Gauntlet: gammafunk_gauntlet_shortcut [gammafunk_gauntlet_arena_hedges,
          gammafunk_gauntlet_arena_split_x, gammafunk_gauntlet_arena_grid,
          nicolae_gauntlet_arena_blocks, gammafunk_gauntlet_arena_corners,
          nicolae_gauntlet_arena_grate_2, gauntlet_exit_watery]

Skill      XL: |  1  2  3  4  5  6  7  8  9 10 11 12 13 14 |
---------------+-------------------------------------------+-----
Earth Magic    | 4 5 6 7 8 9 10 12 13 14 | 14.5
Conjurations   | 2 3 4 5 6 8 9 10 11 12 | 12.9
Spellcasting   | 3 4 5 6 7 8 9 10 11 | 11.2
Armour         | 2 5 6 |  6.0
Ranged Weapons | 3 5 7 8 9 |  9.0
Fighting       | 4 6 7 |  7.2
Invocations    | 3 |  3.7
Evocations     | 2 3 |  3.1
Dodging        | |  1.5
Stealth        | |  2.1

Action                     |  1- 3 |  4- 6 |  7- 9 | 10-12 | 13-15 || total
---------------------------+-------+-------+-------+-------+-------++-------
  Melee: Whip              |       |       |     5 |       |       ||     5
   Fire: Orcbow            |       |       |       |   400 |   354 ||   754
   Cast: Sandblast         |    61 |    85 |   149 |    77 |     9 ||   381
         Stone Arrow       |       |       |       |    52 |    83 ||   135
         Fulminant Prism   |       |       |       |     3 |     6 ||     9
         Lee's Rapid Decon |       |       |       |       |     8 ||     8
         Petrify           |       |       |       |       |     6 ||     6
 Invoke: Recall Ancestor   |       |       |       |     2 |       ||     2
         Ancestor Life: Kn |       |       |       |     1 |       ||     1
         Ancestor Identity |       |       |       |     1 |       ||     1
    Use: Scroll            |       |     8 |     5 |       |    11 ||    24
         Potion            |       |       |     2 |       |     6 ||     8
 Armour: Robe              |    19 |     1 |       |       |       ||    20
         Ring mail         |       |    42 |   102 |   165 |   172 ||   481
  Dodge: Dodged            |    27 |    28 |    51 |    74 |    68 ||   248

Table legend: (Time is in decaauts)
 A = Elapsed time spent in this place.
 B = Non-inter-level travel time spent in this place.
 C = Inter-level travel time spent in this place.
 D = Time resting spent in this place.
 E = Time spent auto-exploring this place.
 F = Levels seen in this place.
 G = Mean time per level.
                   A        B        C        D        E       F      G
               +--------+--------+--------+--------+--------+-----+--------+
         Total |  20385 |  19322 |   1063 |   4318 |  11803 |  20 | 1019.2 |
       Dungeon |  13915 |  13010 |    905 |   2786 |   8385 |  12 | 1159.6 |
        Temple |     91 |     71 |     20 |      0 |      0 |   1 |   91.0 |
          Lair |   5741 |   5604 |    137 |   1156 |   3418 |   5 | 1148.2 |
      Ice Cave |    481 |    481 |      0 |    365 |      0 |   1 |  481.0 |
      Gauntlet |    155 |    155 |      0 |     10 |      0 |   1 |  155.0 |
               +--------+--------+--------+--------+--------+-----+--------+

Top non-repeatable levels by time:
  Lair:3: 1766 daAuts
     D:5: 1723 daAuts
     D:9: 1519 daAuts
  Lair:2: 1402 daAuts
     D:7: 1362 daAuts
    D:11: 1288 daAuts
    D:10: 1257 daAuts
  Lair:4: 1181 daAuts
     D:6: 1145 daAuts
    D:12: 1099 daAuts
  Lair:1: 1075 daAuts
     D:3: 1043 daAuts
     D:4: 966 daAuts
     D:8: 865 daAuts
     D:1: 821 daAuts
